 Dungeon Crawl Stone Soup version 0.18.1-8-gdd0e5ea (webtiles) character file.

366 Metae the Shield-Bearer (level 6, -2/55 HPs)
             Began as a Hill Orc Fighter on May 26, 2016.
             Was an Initiate of Qazlal.
             Killed by nerve-wracking pain
             ... invoked by Grinder
              (5 damage)
             ... on level 3 of the Dungeon.
             The game lasted 00:23:37 (3580 turns).

Metae the Shield-Bearer (Hill Orc Fighter)          Turns: 3580, Time: 00:23:38

Health: -2/55      AC: 12    Str: 26    XL:     6   Next: 68%
Magic:  6/6        EV:  5    Int:  8    God:    Qazlal [......]
Gold:   128        SH: 10    Dex: 10    Spells: 0 memorised, 5 levels left

rFire  . . .     SeeInvis +     a - +0 trident
rCold  . . .     Gourm    .     m - +0 plate armour
rNeg   . . .     Faith    .     c - +0 shield
rPois  .         Spirit   .     (no helmet)
rElec  .         Dismiss  .     (no cloak)
rCorr  .         Reflect  .     (no gloves)
SustAt .         Harm     .     (no boots)
MR     .....                    (no amulet)
Stlth  ..........               (no ring)
                                e - ring of see invisible

@: mighty, not resistant to hostile enchantments, extremely unstealthy
A: no striking features
a: Renounce Religion


You were on level 3 of the Dungeon.
You worshipped Qazlal.
Qazlal was noncommittal.
You were not hungry.

You visited 1 branch of the dungeon, and saw 3 of its levels.

You collected 128 gold pieces.

Inventory:

Hand Weapons
 a - a +0 trident (weapon)
 r - a +0 halberd
 t - a +0 trident
Armour
 b - a +0 scale mail
 c - a +0 shield (worn)
 m - a +0 plate armour (worn)
Magical Staves
 s - an uncursed staff of earth {unknown}
Jewellery
 e - a ring of see invisible (left hand)
Scrolls
 f - a scroll of amnesia {unknown}
 h - a scroll of immolation {unknown}
 o - 2 scrolls of fog {unknown}
 p - 3 scrolls of identify {unknown}
Potions
 g - a potion of haste {unknown}
 i - 3 potions of curing {unknown}
 j - a potion of flight {unknown}
 k - a potion of degeneration {unknown}
Comestibles
 l - a meat ration
 n - 3 fruits
 q - 2 bread rations


   Skills:
 + Level 4.9 Fighting
 * Level 3.7 Polearms
 + Level 4.5 Armour
 + Level 1.0 Dodging
 + Level 5.5 Shields


You had 5 spell levels left.
You didn't know any spells.

Dungeon Overview and Level Annotations

Branches:
Dungeon (3/15)

Altars:
Elyvilon
Fedhas
Qazlal
Vehumet

Annotations:
D:3 Grinder


Message History

You writhe in agony.
* * * LOW HITPOINT WARNING * * *
Your plate armour prevents you from hitting Grinder.
Grinder is severely wounded.
Grinder barely misses you.
You completely miss Grinder.
Grinder is severely wounded.
Grinder barely misses you.
You closely miss Grinder.
Grinder is severely wounded.
Grinder gestures at you. Pain shoots through your body!
* * * LOW HITPOINT WARNING * * *
You closely miss Grinder.
Grinder is severely wounded.
You block Grinder's attack. x2
You feel very mighty all of a sudden. Grinder gestures at you.
Pain shoots through your body!
You die...

#.# #.... %. ##.##.#.. #.
#.#.#.# #. #....# #. ##.#..
#. #.### #. #.#
#.################.#
#....@5..<......##.###
.......#############.#.....
######. #....... #.
###.#### #. #.# #. #.# #.
#.# #. #.# #########.#


You could see Grinder.

Vanquished Creatures
  The ghost of sveltemanboy the Caller, an amateur TeSu (D:3)
  An orc priest (D:3)
  3 orc wizards (D:3)
  4 gnolls (D:3)
  4 adders (D:2)
  2 oozes (D:2)
  A giant gecko (D:2)
  6 orcs (D:3)
  8 bats
  4 giant cockroaches
  10 goblins
  4 hobgoblins
  6 jackals
  A giant newt (D:1)
  2 kobolds
  4 rats
  A bush (D:2)
62 creatures vanquished.

Vanquished Creatures (others)
  A giant cockroach (D:1)
1 creature vanquished.

Grand Total: 63 creatures vanquished

Notes
Turn   | Place    | Note
--------------------------------------------------------------
     0 | D:1      | Metae the Hill Orc Fighter began the quest for the Orb.
     0 | D:1      | Reached XP level 1. HP: 19/19 MP: 1/1
   189 | D:1      | Reached XP level 2. HP: 26/27 MP: 2/2
   771 | D:2      | Reached XP level 3. HP: 16/33 MP: 3/3
  1144 | D:2      | Found a stormy altar of Qazlal.
  1147 | D:2      | Found a blossoming altar of Fedhas.
  1187 | D:2      | Reached skill level 4 in Shields
  1303 | D:2      | Became a worshipper of Qazlal Stormbringer
  1605 | D:2      | Reached XP level 4. HP: 40/40 MP: 4/4
  1629 | D:2      | Found a radiant altar of Vehumet.
  1746 | D:2      | Found a white marble altar of Elyvilon.
  2183 | D:3      | Reached XP level 5. HP: 46/46 MP: 5/5
  2248 | D:3      | Noticed sveltemanboy's ghost (amateur TeSu)
  2269 | D:3      | Killed sveltemanboy's ghost
  2269 | D:3      | Reached skill level 5 in Shields
  2269 | D:3      | Reached XP level 6. HP: 38/53 MP: 6/6
  3117 | D:3      | Reached skill level 1 in Dodging
  3551 | D:3      | Noticed Grinder
  3555 | D:3      | Paralysed by Grinder for 3 turns
  3578 | D:3      | HP: 2/55 [Grinder/nerve-wracking pain (11)]
  3580 | D:3      | Killed from afar by Grinder

Skill      XL: |  1  2  3  4  5  6 |
---------------+-------------------+-----
Fighting       | 4 |  4.9
Shields        | 4 5 |  5.5
Armour         | 4 |  4.5
Polearms       | 3 |  3.7
Dodging        | 1 |  1.0

Action                   |  1- 3 |  4- 6 || total
-------------------------+-------+-------++-------
Melee: Trident           |   270 |   216 ||   486
  Use: Potion            |       |     1 ||     1
  Eat: Bread ration      |     1 |       ||     1
       Fruit             |     1 |       ||     1
       Meat ration       |       |     1 ||     1
Armor: Scale mail        |    61 |       ||    61
       Plate armour      |    68 |   109 ||   177
Dodge: Dodged            |    43 |    30 ||    73
Block: Shield            |   107 |   112 ||   219
